 Dungeon Crawl Stone Soup version 0.30-a0-782-ge64f9170bb (webtiles) character file.

Game seed: 14797844380349796993

16 xian the Trooper (level 2, -3/26 HPs)
             Began as a Draconian Fighter on Feb 18, 2023.
             Was an Initiate of Qazlal.
             Slain by Crazy Yiuf
             ... wielding a +4 quarterstaff of chaos
              (4 damage)
             ... on level 2 of the Dungeon.
             The game lasted 00:01:47 (768 turns).

xian the Trooper (Draconian Fighter)                 Turns: 768, Time: 00:01:47

Health: -3/26      AC:  4    Str: 18    XL:     2   Next: 37%
Magic:  2/2        EV: 12    Int:  8    God:    Qazlal [......]
Gold:   86         SH:  4    Dex: 10    Spells: 1/1 levels left

rFire   . . .      SeeInvis .    a - +0 war axe
rCold   . . .      Faith    .    b - +0 buckler
rNeg    . . .      Spirit   .    (body armour unavailable)
rPois   .          Reflect  .    (helmet restricted)
rElec   .          Harm     .    (no cloak)
rCorr   .          Rampage  .    (no gloves)
Will    .....                    (no boots)
Stlth   +                        (no amulet)
HPRegen 0.24/turn                (no ring)
MPRegen 0.08/turn                (no ring)

@: no status effects
A: AC +4, unfitting armour, cold-blooded
a: Renounce Religion


You were on level 2 of the Dungeon.
You worshipped Qazlal.
Qazlal was noncommittal.
You visited 1 branch of the dungeon, and saw 2 of its levels.

You collected 86 gold pieces.

Inventory:

Hand Weapons
 a - a +0 war axe (weapon)
Missiles
 h - 19 stones
 i - 4 javelins (quivered)
Armour
 b - a +0 buckler (worn)
Scrolls
 e - 4 scrolls of teleportation {unknown}
 l - a scroll of summoning {unknown}
 m - a scroll of immolation {unknown}
 o - a scroll of enchant weapon {unknown}
Potions
 c - a potion of might
 d - a potion of berserk rage {unknown}
 f - a potion of curing {unknown}
 g - a potion of flight {unknown}
 j - a potion of invisibility {unknown}
 k - a potion of haste {unknown}
 n - a potion of brilliance {unknown}


   Skills:
 + Level 3.5 Fighting
 + Level 2.1 Axes
 + Level 3.0 Dodging
 + Level 0.2 Stealth
 + Level 3.1 Shields


You had one spell level left.
You didn't know any spells.
Your spell library contained the following spells:

 Spells                   Type           Power      Damage    Failure   Level
 Magic Dart               Conj           0%         1d3       50%         1
 Searing Ray              Conj           0%         2d4       65%         2
 Stone Arrow              Conj/Erth      0%         3d7       86%         3
 Fulminant Prism          Conj/Hex       0%         3d5       99%         4
 Lehudib's Crystal Spear  Conj/Erth      0%         10d2      100%        8
 Animate Armour           Summ/Erth      Unusable   N/A       N/A         4

Dungeon Overview and Level Annotations

Branches:
Dungeon (2/15)

Altars:
Qazlal

Shops:
D:2 [

Annotations:
D:2 Crazy Yiuf


Innate Abilities, Weirdness & Mutations

Your plain brown scales are hard. (AC +4)
You cannot fit into any form of body armour.
You are cold-blooded and may be slowed by cold attacks.


Message History

Found a stormy altar of Qazlal.
l - a scroll labelled ACIBLUIKUPT
m - a scroll labelled KUG KEWESMITOR
n - a metallic red potion
Found a scale mail.
Found 10 gold pieces.
There is a stormy altar of Qazlal here.
You kneel at the altar of Qazlal.
Qazlal welcomes you!
Qazlal grants you and your divine allies immunity to clouds.
You see here a +0 scale mail.
You now have 86 gold pieces (gained 10).
Found a stone staircase leading up.
A ball python comes into view.
The ball python hisses angrily.
You closely miss the ball python. The ball python bites you.
You block the ball python's attack.
The ball python bites you but does no damage.
The ball python barely misses you.
You closely miss the ball python. You block the ball python's attack.
The ball python barely misses you.
You slash the ball python!
You kill the ball python!
Qazlal accepts your kill.
You see here a ball python corpse.
o - a scroll labelled ANNISH YLEOWKE
h - 19 stones (gained 8)
There is a stone staircase leading down here.
Found a hammer.
Found a runed translucent door.
Crazy Yiuf shouts!
Crazy Yiuf sings, "Trees, trees, trees, circus!"
You open the door. You throw a javelin. The javelin closely misses Crazy Yiuf.
Crazy Yiuf twirls on the spot.
Crazy Yiuf hits you with a +4 quarterstaff of chaos!
Crazy Yiuf burns you.
Crazy Yiuf hits you with a +4 quarterstaff of chaos!
* * * LOW HITPOINT WARNING * * *
Crazy Yiuf burns you.
You die...

...#..............# ##
####.#####.###.# #.#
#.# #.# ### #.# #..
#.# ### #.# ###
♣♣####.# #)..#♣♣
♣♣.#..#.#####
#(..g@♣♣♣♣............
#...#♣..♣......#######
### ♣♣♣.♣..#.....#
♣♣♣♣♣#####.# # ### #..
#.#


You could see Crazy Yiuf.

Vanquished Creatures
  2 dart slugs
  An endoplasm (D:1)
  2 goblins
  A hobgoblin (D:1)
  A quokka (D:1)
  2 ball pythons
  2 kobolds (D:1)
  A rat (D:2)
12 creatures vanquished.

Notes
Turn   | Place    | Note
-------+----------+-------------------------------------------
     0 | D:1      | xian the Draconian Fighter began the quest for the Orb.
     0 | D:1      | Reached XP level 1. HP: 19/19 MP: 1/1
   456 | D:1      | Reached XP level 2. HP: 26/26 MP: 2/2
   541 | D:2      | Found Ziczousi's Antique Armour Shop.
   628 | D:2      | Found a stormy altar of Qazlal.
   653 | D:2      | Became a worshipper of Qazlal Stormbringer
   763 | D:2      | Found a runed translucent door.
   764 | D:2      | Noticed Crazy Yiuf
   768 | D:2      | HP: 1/26 [Crazy Yiuf/+4 quarterstaff of chaos (11)]
   768 | D:2      | Slain by Crazy Yiuf

Illustrated notes

Levels and vault maps discovered:
D:1:      tarquinn_simple_flora_water_c, layout_basic
D:2:      layout_loops_ring, serial_shops, nicolae_shop_waterfront, basic_altar,
          uniq_crazy_yiuf_cottage

Skill      XL: |  1  2 |
---------------+-------+-----
Dodging        | 3 |  3.0
Fighting       | |  3.5
Axes           | |  2.1
Stealth        | |  0.2
Shields        | |  3.1

Action                     || total
---------------------------++-------
  Melee: War axe           ||    27
         Tailslap          ||     2
  Throw: Javelin           ||     1
 Armour: Skin              ||     5
  Dodge: Dodged            ||    14
  Block: Buckler           ||     6

Table legend: (Time is in decaauts)
 A = Elapsed time spent in this place.
 B = Non-inter-level travel time spent in this place.
 C = Inter-level travel time spent in this place.
 D = Time resting spent in this place.
 E = Time spent auto-exploring this place.
 F = Levels seen in this place.
 G = Mean time per level.
                   A        B        C        D        E       F      G
               +--------+--------+--------+--------+--------+-----+--------+
         Total |    781 |    748 |     33 |      0 |    487 |   2 |  390.5 |
       Dungeon |    781 |    748 |     33 |      0 |    487 |   2 |  390.5 |
               +--------+--------+--------+--------+--------+-----+--------+

Top non-repeatable levels by time:
     D:1: 548 daAuts
     D:2: 233 daAuts
